 Dungeon Crawl Stone Soup version 0.20-b1 (webtiles) character file.

2775 inmateoo the Grappler (level 9, -11/54 HPs)
             Began as a Merfolk Gladiator on May 19, 2017.
             Was a Follower of Cheibriados.
             Mangled by a two-headed ogre
             ... wielding a +0 giant club
              (21 damage)
             ... on level 8 of the Dungeon.
             The game lasted 00:08:54 (6269 turns).

inmateoo the Grappler (Merfolk Gladiator)           Turns: 6269, Time: 00:08:56

Health: -11/54     AC:  7    Str: 21    XL:     9   Next: 70%
Magic:  11/11      EV: 21    Int:  9    God:    Cheibriados [*.....]
Gold:   203        SH:  0    Dex: 21    Spells: 8/8 levels left

rFire    + . .     SeeInvis .     - Unarmed
rCold    . . .     Gourm    .   (no shield)
rNeg     . . .     Faith    .   C - +2 leather armour {rF+}
rPois    +         Spirit   .   b - +0 helmet
rElec    .         Reflect  .   A - +0 cloak
rCorr    .         Harm     .   (no gloves)
MR       .....                  (no boots)
Stlth    +++.......             (no amulet)
Regen    0.2/turn               v - ring "Fuffugam" {Str+2 Dex+3 Stlth+}
MPRegen  0.2/turn               t - +1 ring of slaying

@: very slow
A: change form in water, swift swim, stealthy swim, blurry vision 1, frail 2,
poison resistance, MP-powered wands
a: Bend Time, Renounce Religion


You were on level 8 of the Dungeon.
You worshipped Cheibriados.
Cheibriados was aware of your devotion.
You were not hungry.

You visited 2 branches of the dungeon, and saw 9 of its levels.

You collected 203 gold pieces.

Inventory:

Armour
 b - a +0 helmet (worn)
 A - a +0 cloak (worn)
 C - a +2 leather armour of fire resistance (worn)
Jewellery
 m - an uncursed ring of resist corrosion
 t - a +1 ring of slaying (right hand)
 v - the ring "Fuffugam" (left hand) {Str+2 Dex+3 Stlth+}
   (You found it on level 8 of the Dungeon)

   [ring of stealth]

   It affects your strength (+2).
   It affects your dexterity (+3).
   It makes you more stealthy.
Wands
 p - a wand of flame (34/48)
 q - a wand of lightning (2/15)
 u - a wand of confusion (11/48)
 w - a wand of lightning (12/15)
 x - a wand of acid (10/15)
 z - a wand of lightning (11/15)
Scrolls
 h - 4 scrolls of teleportation
 k - a scroll of blinking
 r - 6 scrolls of identify {unknown}
 y - a scroll of vulnerability {unknown}
 B - a scroll of recharging {unknown}
Potions
 e - 3 potions of ambrosia
 j - 2 potions of mutation {unknown}
 l - 5 potions of curing {unknown}
 n - 2 potions of cancellation {unknown}
 o - 3 potions of heal wounds {unknown}
 s - 2 potions of flight {unknown}
Comestibles
 a - 2 chunks of flesh
 d - 4 bread rations
 f - 6 meat rations
 g - 6 fruits
 i - 3 royal jellies


   Skills:
 + Level 5.5 Fighting
 - Level 2.0 Throwing
 * Level 10.3 Dodging
 * Level 10.3 Unarmed Combat
 + Level 3.3 Evocations


You had 8 spell levels left.
You didn't know any spells.

Dungeon Overview and Level Annotations

Branches:
Dungeon (8/15)             Temple (1/1) D:6
   Lair: D:8-11

Altars:
Ashenzari
Cheibriados
Dithmenos
Fedhas
Gozag
Makhleb
Okawaru
Qazlal
Ru
Sif Muna
Uskayaw
Xom
Yredelemnul
Zin
The Shining One

Shops:
D:5 }   D:7 (


Innate Abilities, Weirdness & Mutations

You revert to your normal form in water.
You are very nimble and swift while swimming.
You are very stealthy in the water. (Stealth+)
Scrolls take you a little longer to read.
You are very frail. (-20% HP)
Your system is resistant to poisons. (rPois)
You expend magic power (3 MP) to strengthen your wands.


Message History

Aim: a two-headed ogre, wielding two giant clubs You throw a throwing net.
The throwing net barely misses the two-headed ogre.
The two-headed ogre closely misses you.
The two-headed ogre hits you with a giant club.
Unknown command.
You barely miss the two-headed ogre. The two-headed ogre barely misses you.
The two-headed ogre closely misses you.
You closely miss the two-headed ogre. You punch the two-headed ogre!
The two-headed ogre is moderately wounded.
The two-headed ogre closely misses you.
The two-headed ogre completely misses you.
You hit the two-headed ogre.
The two-headed ogre is moderately wounded.
The two-headed ogre hits you with a giant club!!
Ouch! That really hurt!
* * * LOW HITPOINT WARNING * * *
The two-headed ogre hits you with a giant club!!
You die...

#.# #.# #.#
#.# #.#
#...$. #.#
#....).#.#
......#.#
...O.#@#
#..##O#
#######'##.#
...........#
...........#
...........#
###........#
#.........(#
#/.........#


You could see a two-headed ogre.

Vanquished Creatures
  A two-headed ogre (D:8)
  A hippogriff (D:8)
  Sigmund (D:4)
  2 ice beasts (D:6)
  An orc warrior (D:8)
  2 sky beasts
  An ogre (D:5)
  A centaur (D:6)
  2 bullfrogs
  2 scorpions
  2 howler monkeys (D:8)
  2 crimson imps (D:5)
  A bullfrog zombie (D:5)
  Crazy Yiuf (D:6)
  A quasit (D:5)
  A gnoll shaman (D:7)
  3 hounds
  4 orc wizards (D:3)
  A bullfrog skeleton (D:5)
  Ijyb (D:4)
  2 worker ants
  Natasha (twice) (D:4)
  2 hound skeletons
  A worker ant zombie (D:5)
  A howler monkey zombie (D:5)
  6 gnolls
  10 adders
  3 worms
  2 leopard geckos
  21 orcs
  3 ball pythons
  A bat (D:3)
  5 giant cockroaches
  7 goblins
  9 hobgoblins
  6 jackals
  A kobold (D:2)
  2 quokkas (D:2)
  3 frilled lizards
  2 leopard gecko skeletons
  A quokka skeleton (D:2)
  A quokka zombie (D:4)
  4 rats
126 creatures vanquished.

Vanquished Creatures (others)
  An orc wizard (D:3)
1 creature vanquished.

Grand Total: 127 creatures vanquished

Notes
Turn   | Place    | Note
-------+----------+-------------------------------------------
     0 | D:1      | inmateoo the Merfolk Gladiator began the quest for the Orb.
     0 | D:1      | Reached XP level 1. HP: 16/16 MP: 1/1
   114 | D:2      | Reached XP level 2. HP: 17/22 MP: 2/2
   284 | D:2      | Found a faded altar of an unknown god.
   291 | D:2      | Became a worshipper of Uskayaw the Reveler
   291 | D:2      | Reached * piety under Uskayaw
   300 | D:2      | Reached ** piety under Uskayaw
   310 | D:2      | Reached *** piety under Uskayaw
   312 | D:2      | Reached XP level 3. HP: 18/27 MP: 3/3
   314 | D:2      | Reached **** piety under Uskayaw
   727 | D:2      | Reached XP level 4. HP: 15/33 MP: 4/4
  1231 | D:3      | Noticed Natasha
  1386 | D:4      | Reached skill level 5 in Dodging
  1386 | D:4      | Reached skill level 5 in Unarmed Combat
  1511 | D:4      | Reached XP level 5. HP: 38/38 MP: 5/5
  1530 | D:4      | Noticed Sigmund
  1558 | D:4      | Killed Natasha
  2238 | D:3      | Reached XP level 6. HP: 29/44 MP: 6/6
  2697 | D:4      | Killed Sigmund
  2697 | D:4      | Reached XP level 7. HP: 31/50 MP: 7/7
  2837 | D:4      | Noticed Ijyb
  2852 | D:4      | Killed Ijyb
  3208 | D:4      | Noticed Natasha
  3218 | D:4      | Killed Natasha
  3840 | D:5      | Entered Level 5 of the Dungeon
  3912 | D:5      | Gained mutation: You are frail. (-10% HP) [mutagenic meat]
  3913 | D:5      | Gained mutation: Scrolls take you a little longer to read. [mutagenic meat]
  3914 | D:5      | Gained mutation: Your system is resistant to poisons. (rPois) [mutagenic meat]
  3915 | D:5      | Gained mutation: You are very frail. (-20% HP) [mutagenic meat]
  3916 | D:5      | Gained mutation: You expend magic power (3 MP) to strengthen your wands. [mutagenic meat]
  4128 | D:4      | Reached XP level 8. HP: 10/46 MP: 8/8
  4478 | D:5      | Found Bunn's Gadget Shoppe.
  5011 | D:6      | Reached skill level 1 in Evocations
  5225 | D:6      | Found a staircase to the Ecumenical Temple.
  5293 | D:6      | Found a runed door.
  5297 | D:6      | Noticed Crazy Yiuf
  5309 | D:6      | Killed Crazy Yiuf
  5573 | Temple   | Entered the Ecumenical Temple
  5608 | Temple   | Fell from the grace of Uskayaw
  5608 | Temple   | Became a worshipper of Cheibriados the Contemplative
  5748 | D:7      | Found Atuprot's Weapon Boutique.
  6003 | D:8      | Reached XP level 9. HP: 43/52 MP: 10/10
  6024 | D:8      | Got a flickering copper ring
  6030 | D:8      | Identified the ring "Fuffugam" {Str+2 Dex+3 Stlth+} (You found it on level 8 of the Dungeon)
  6066 | D:8      | Noticed a two-headed ogre
  6076 | D:8      | Killed a two-headed ogre
  6076 | D:8      | Reached skill level 5 in Fighting
  6076 | D:8      | Reached skill level 10 in Dodging
  6076 | D:8      | Reached skill level 10 in Unarmed Combat
  6175 | D:8      | Paralysed by the fury of Uskayaw for 5 turns
  6208 | D:8      | Noticed a two-headed ogre
  6220 | D:8      | Reached * piety under Cheibriados
  6269 | D:8      | Mangled by a two-headed ogre

Skill      XL: |  1  2  3  4  5  6  7  8  9 |
---------------+----------------------------+-----
Unarmed Combat | 4 5 6 7 8 9 10 | 10.3
Dodging        | 5 6 7 9 10 | 10.3
Fighting       | 3 4 5 |  5.5
Evocations     | 1 3 |  3.3
Throwing       | |  2.0

Action                   |  1- 3 |  4- 6 |  7- 9 || total
-------------------------+-------+-------+-------++-------
Melee: Unarmed           |   111 |   173 |   282 ||   566
       Punch             |     1 |     3 |     8 ||    12
Throw: Throwing net      |     2 |       |     3 ||     5
  Use: Potion            |     1 |       |       ||     1
       Scroll            |       |     5 |     1 ||     6
 Stab: Paralysed         |     1 |     3 |     2 ||     6
       Sleeping          |       |       |     1 ||     1
       Held in net/web   |       |       |     2 ||     2
  Eat: Chunk             |       |     6 |    12 ||    18
       Fruit             |       |       |     6 ||     6
Armor: Leather armour    |    20 |    15 |    38 ||    73
Dodge: Dodged            |    80 |    91 |   222 ||   393
